 Dungeon Crawl Stone Soup version 0.30.0-20-g3615ddf2f0 (webtiles) character file.

Game seed: 7390936593576437105

143 qw the Chopper (level 5, 0/32 HPs)
             Began as a Gargoyle Fighter on June 1, 2023.
             Slain by Grinder (5 damage)
             ... on level 3 of the Dungeon.
             The game lasted 00:01:07 (1737 turns).

qw the Chopper (Gargoyle Fighter)                   Turns: 1737, Time: 00:01:07

Health: 0/32       AC: 17    Str: 22    XL:     5   Next: 25%
Magic:  5/5        EV:  9    Int:  8    God:
Gold:   151        SH:  4    Dex:  9    Spells: 4/4 levels left

rFire   + + .        Y - +1 war axe
rCold   x . .        c - +0 buckler
rNeg    + . .        l - +0 fire dragon scales
rPois   inf          g - +2 helmet {SInv}
rElec   +            (no cloak)
rCorr   .            f - +0 pair of gloves
SInv    +            (no boots)
Will    .....        (no amulet) Stlth
                     (no ring)
HPRegen 0.25/turn    (no ring)
MPRegen 0.09/turn

%: no passive effects
@: no status effects
A: sickness immunity, AC +4, negative energy resistance 1, electricity
resistance, torment resistance 1, petrification resistance
a: no special abilities


You were on level 3 of the Dungeon.
You visited 1 branch of the dungeon, and saw 3 of its levels.

You collected 151 gold pieces.


Innate Abilities, Weirdness & Mutations

You are immune to sickness and miasma.
Your stone body is resilient. (AC +4)
You are immune to poison.
You resist negative energy. (rN+)
You are resistant to electric shocks. (rElec)
You are resistant to unholy torment.
You are immune to petrification.


   Skills:
 - Level 3.2 Fighting
 + Level 4.8 Axes
 - Level 3.2 Armour
 - Level 3.2 Shields


You had 4 spell levels left.
You didn't know any spells.
Your spell library was empty.

Inventory:

Hand Weapons
 n - a +0 whip
 Y - a +1 war axe (weapon)
Armour
 b - a +0 scale mail
 c - a +0 buckler (worn)
 f - a +0 pair of gloves (worn)
 g - a +2 helmet of see invisible (worn)
 l - +0 fire dragon scales (worn)
Scrolls
 a - 2 scrolls of identify
 e - a scroll of torment {unknown}
Potions
 d - 2 potions of might
 i - 5 potions of curing
 m - a potion of lignification

Dungeon Overview and Level Annotations

Branches:
Dungeon (3/15)

Altars:

Annotations:
D:3 Grinder


Message History

You hit the kobold but do no damage.
Ijyb screams, "No!
No, no, no, no!"
Ijyb misses you. The kobold hits you but does no damage.
You block Ijyb's attack. The kobold hits you but does no damage.
You closely miss Ijyb.
Ijyb is almost dead.
You hit the kobold. You block Ijyb's attack.
The kobold hits you with a +0 club.
You hit Ijyb.
You kill Ijyb!
You closely miss the kobold. The kobold barely misses you.
You hit the kobold but do no damage.
The kobold is severely wounded.
You block the kobold's attack.
You closely miss the kobold.
The kobold is severely wounded.
The kobold hits you but does no damage. x2
Grinder says, "FISH!"
Grinder blinks!
You closely miss the kobold.
The kobold is heavily wounded.
The kobold hits you but does no damage.
An endoplasm comes into view.
You slash the kobold!
You kill the kobold!
Grinder gestures at you.
You barely resist.
Grinder says, "DUCK!"
Grinder blinks!
Things that are here:
a +0 club; a +0 ring mail; a kobold corpse
Enter note:
Enter note: You slash the endoplasm!
You kill the endoplasm!
Grinder gestures at you. Pain shoots through your body! Grinder hits you.
You die...

##...##.# #...#.....# .#
####..#.####..###..####8.#
# ##........###......8}.#
###.............8....#
##...##..####...######
####..........##..## ...
............#.....###...#
.....?......#.>.))%......
............#.#5@........
............#.#..........
..............#......>...
...............##........
.........................
............###..........
......#.##### .........
.....##...# #........#
.##....##.#


You could see Grinder.

Vanquished Creatures
  Ijyb (D:3)
  5 adders
  2 worms
  2 dart slugs
  8 bats
  5 endoplasms
  4 giant cockroaches
  3 hobgoblins
  A kobold (D:3)
  4 quokkas
  12 ball pythons
  2 frilled lizards (D:2)
  7 goblins
  5 rats
61 creatures vanquished.

Notes
Turn   | Place    | Note
-------+----------+-------------------------------------------
     0 | D:1      | qw the Gargoyle Fighter began the quest for the Orb.
     0 | D:1      | Reached XP level 1. HP: 14/14 MP: 1/1
     0 | D:1      | 0 ||| qw: Version: 0.2-a-102-gfc559e5
     0 | D:1      | 0 ||| qw: Game counter: 673
     0 | D:1      | 0 ||| qw: Always use a shield: true
     0 | D:1      | 0 ||| qw: God list: Okawaru
     0 | D:1      | 0 ||| qw: Allow faded altars: false
     0 | D:1      | 0 ||| qw: Do Orc after D:15 true
     0 | D:1      | 0 ||| qw: Do second Lair branch before Depths: true
     0 | D:1      | 0 ||| qw: Lair rune preference: random
     0 | D:1      | 0 ||| qw: Plans: Normal, Zot:1-4, Slime:5, God:TSO, Crypt,
                  | Tomb, Pan, Hells, Abyss, Win
     0 | D:1      | 0 ||| PLANNING D:1-11
    99 | D:1      | Reached skill level 2 in Axes
   185 | D:1      | Reached XP level 2. HP: 18/19 MP: 2/2
   492 | D:1      | Found a faded altar of an unknown god.
   570 | D:1      | 570 ||| DROPPING +0 club.
   838 | D:1      | 838 ||| UPGRADING to +2 helmet of see invisible.
   843 | D:1      | 843 ||| UPGRADING to +0 fire dragon scales.
   853 | D:1      | 853 ||| READING 3 scrolls labelled GAOCHE LERICU.
   854 | D:1      | 854 ||| READING scroll labelled QISOBAEWAU.
   855 | D:1      | 855 ||| READING scroll labelled WUTZIM KUONIE.
   856 | D:1      | 856 ||| READING scroll labelled PYLO HUNWOGOE.
   857 | D:1      | 857 ||| READING scroll labelled MATRIRUSIO.
   860 | D:1      | 860 ||| READING scroll labelled IMMEAL XANETE.
   861 | D:1      | 861 ||| DRINKING 3 glowing green potions.
   862 | D:1      | 862 ||| READING 2 scrolls of identify.
   862 | D:1      | 862 ||| IDENTIFYING glowing clear potion
   885 | D:2      | 885 ||| STAIRDANCE
   891 | D:1      | Reached skill level 3 in Axes
   891 | D:1      | Reached XP level 3. HP: 23/23 MP: 3/3
   900 | D:2      | 900 ||| Stepping ~*~*~tactically~*~*~ (stealth).
   913 | D:2      | 913 ||| Stepping ~*~*~tactically~*~*~ (stealth).
  1025 | D:2      | Reached XP level 4. HP: 28/28 MP: 4/4
  1101 | D:2      | Reached skill level 4 in Axes
  1145 | D:2      | 1145 ||| Stepping ~*~*~tactically~*~*~ (hiding).
  1146 | D:2      | 1146 ||| Stepping ~*~*~tactically~*~*~ (hiding).
  1458 | D:2      | 1458 ||| Stepping ~*~*~tactically~*~*~ (stealth).
  1546 | D:2      | 1546 ||| UPGRADING to +0 pair of gloves.
  1551 | D:2      | 1551 ||| READING 2 scrolls labelled ZIFAQ SIREJU.
  1552 | D:2      | 1552 ||| READING scroll labelled AKHAFR ETEFAYQ.
  1553 | D:2      | 1553 ||| DROPPING scroll of poison.
  1710 | D:3      | Noticed Grinder
  1711 | D:3      | 1711 ||| Stepping ~*~*~tactically~*~*~ (hiding).
  1715 | D:3      | Noticed Ijyb
  1724 | D:3      | HP: 7/28 [worm (5)]
  1726 | D:3      | Reached XP level 5. HP: 8/32 MP: 5/5
  1729 | D:3      | Killed Ijyb
  1736 | D:3      | HP: 5/32 [Grinder/nerve-wracking pain (2)]
  1737 | D:3      | Slain by Grinder

Levels and vault maps discovered:
D:1:      denvon_arrival_planthouse, layout_basic,
          hellmonk_ecumenical_altar_leap_of_faith
D:2:      layout_basic, dreamdust_wishing_well, minmay_diced_spiral
D:3:      layout_rooms, grunt_ministairs_8, chequers_decorated_corner,
          uniq_ijyb, uniq_grinder

Skill      XL: |  1  2  3  4 |
---------------+-------------+-----
Axes           | 2 3 4 |  4.8
Fighting       | |  3.2
Armour         | |  3.2
Shields        | |  3.2

Action                     |  1- 3 |  4- 6 || total
---------------------------+-------+-------++-------
  Melee: War axe           |   114 |    75 ||   189
    Use: Scroll            |     7 |     2 ||     9
         Potion            |     1 |       ||     1
 Armour: Scale mail        |    31 |       ||    31
         Fire dragon scale |    29 |    50 ||    79
  Dodge: Dodged            |    49 |    52 ||   101
  Block: Buckler           |    18 |    20 ||    38

Table legend:
 A = Non-vault XP
 B = Vault XP
 C = Vault XP percentage of total XP
 D = Non-vault monster count
 E = Vault monster count
 F = Vault count percentage of total count
                 A         B        C        D         E       F
            +---------+---------+-------+---------+---------+-------
      Total |     156 |      49 |  23.9 |      54 |       7 |  11.5
            +---------+---------+-------+---------+---------+-------
        D:1 |      40 |       0 |   0.0 |      19 |       0 |   0.0
        D:2 |      84 |      14 |  14.3 |      27 |       6 |  18.2
        D:3 |      32 |      35 |  52.2 |       8 |       1 |  11.1
            +---------+---------+-------+---------+---------+-------
